Map: Catalyst LE

Players

Earendil - Winner!

  • Race: Terran Terran
  • Spawn Location: 11:00

Nuke

  • Race: Zerg Zerg
  • League: Master
  • Spawn Location: 5:00

VOD

Have the link to the VOD?

Description

Time

  • Played on: May 27, 2018, 12:17 p.m.
  • Length: 8:14
Show
View Real Time Build Order
Export as new Build Order

Earendil Terran - Winner!

Build Orders: Liberator Opening, MMM Bio 

Get SALT Encoding   

  12  0:01  SCV  
  13  0:13  SCV  
  14  0:17  Supply Depot  
  14  0:25  SCV  
  15  0:39  Barracks, SCV  
  16  0:44  Refinery  
  16  0:51  SCV  
  17  1:03  SCV  
  18  1:15  SCV  
  19  1:27  Marine  
  19  1:28  Orbital Command  
  20  1:41  Command Center  
  20  1:52  Factory  
  20  1:55  Marine  
  21  2:02  SCV  
  22  2:13  Supply Depot  
  22  2:14  SCV  
  23  2:23  Barracks Reactor  
  23  2:31  Refinery  
  23  2:34  SCV  
  24  2:40  Hellion  
  26  2:44  Starport  
  26  2:46  SCV  
  27  2:54  Orbital Command  
  27  2:58  SCV  
  28  3:09  Barracks Tech Lab  
  28  3:10  Liberator  
  28  3:11  Hellion x2, SCV  
  33  3:20  SCV  
  33  3:23  SCV  
  35  3:32  SCV  
  39  3:35  Hellion x2  
  39  3:36  Supply Depot  
  39  3:37  SCV  
  44  3:44  SCV  
  45  3:48  Stimpack, Marine  
  46  3:57  Hellion, SCV x2  
  46  3:58  Hellion  
  52  4:06  Marine  
  52  4:09  Supply Depot  
  53  4:10  Supply Depot  
  53  4:11  Starport Reactor  
  53  4:29  SCV x2  
  49  4:32  Hellion x2  
  53  4:41  SCV x2  
  53  4:43  Marine  
  52  4:53  Barracks  
  52  4:54  Hellion x2  
  52  4:55  SCV x2  
  58  5:02  Medivac  
  58  5:03  Supply Depot  
  58  5:04  Supply Depot  
  60  5:07  SCV x2  
  60  5:09  Medivac  
  64  5:19  SCV x2  
  62  5:29  Marine  
  62  5:30  Cyclone x2  
  65  5:36  Barracks  
  65  5:42  SCV x2  
  67  5:46  Marine  
  67  5:49  Combat Shields  
  68  5:54  SCV x2  
  70  6:01  Command Center  
  70  6:02  Barracks Tech Lab  
  70  6:05  Cyclone  
  70  6:06  SCV x2  
  70  6:08  Cyclone  
  70  6:09  Command Center  
  78  6:13  Marine  
  78  6:17  Refinery  
  79  6:19  Refinery  
  79  6:21  Supply Depot  
  79  6:23  Supply Depot  
  79  6:27  Barracks Tech Lab  
  79  6:28  Concussive Shells  
  79  6:31  Marine  
  79  6:32  SCV x2  
  82  6:33  Barracks x2  
  82  6:36  Marauder  
  84  6:44  SCV x2  
  86  6:48  Marauder  
  86  6:49  Marauder  
  86  6:51  Hellion x2  
  94  6:56  SCV  
  94  6:57  Marine, SCV  
  94  7:02  Medivac  
  96  7:09  Marine, SCV x2  
  96  7:10  Marine  
  96  7:12  Hellion x2  
  96  7:15  Marine  
  105  7:21  SCV  
  107  7:23  Orbital Command x2, Engineering Bay  
  107  7:27  Marine  
  107  7:28  Marine  
  107  7:29  Barracks Tech Lab x2  
  108  7:31  Medivac  
  108  7:32  Medivac, Marine  
  113  7:48  Marine x2  
  113  7:49  Marine  
  113  7:50  Hellion x2  
Show
View Real Time Build Order
Export as new Build Order

Nuke Zerg 

Build Orders: Hatch First 

Get SALT Encoding   

  12  0:01  Drone  
  13  0:13  Overlord  
  13  0:17  Drone  
  14  0:31  Drone x2  
  14  0:35  Drone  
  17  0:52  Hatchery  
  17  0:55  Drone  
  17  0:59  Drone  
  18  1:08  Extractor  
  17  1:14  Spawning Pool  
  17  1:16  Drone  
  17  1:20  Drone  
  18  1:29  Drone  
  19  1:39  Overlord  
  19  2:05  Queen x2  
  19  2:06  Drone  
  19  2:07  Drone x2  
  26  2:09  Metabolic Boost  
  26  2:30  Hatchery  
  26  2:36  Overlord  
  25  2:41  Drone  
  26  2:46  Pneumatized Carapace  
  26  2:53  Queen  
  26  2:57  Drone  
  29  3:01  Drone  
  29  3:02  Drone  
  31  3:09  Zergling x4  
  33  3:20  Overlord  
  33  3:22  Drone x3  
  34  3:58  Drone  
  34  3:59  Roach Warren  
  34  4:01  Drone x6, Extractor  
  34  4:02  Drone x4  
  43  4:03  Extractor  
  42  4:18  Zergling x2  
  42  4:19  Zergling x10  
  37  4:40  Drone x3  
  39  4:47  Drone x8  
  47  5:00  Drone x3  
  47  5:02  Overlord  
  46  5:15  Drone x3  
  45  5:30  Spore Crawler  
  44  5:36  Drone x5  
  44  5:37  Drone x4  
  52  5:43  Queen  
  51  5:58  Drone x2  
  51  5:59  Drone x3  
  56  6:07  Lair  
  56  6:20  Drone x2  
  56  6:22  Overlord x2  
  56  6:23  Overlord  
  58  6:31  Baneling Nest  
  57  6:37  Drone  
  58  6:43  Drone x2  
  58  6:44  Drone  
  58  6:45  Drone  
  58  6:46  Drone x4  
  58  6:47  Drone  
  64  7:01  Hatchery  
  64  7:02  Drone x3  
  64  7:03  Drone  
  67  7:09  Drone  
  67  7:11  Zergling x16  
  77  7:22  Drone  
  77  7:25  Hatchery  
  77  7:27  Overlord  
  77  7:28  Overlord  
  77  7:29  Baneling x6  
  76  7:30  Baneling x2  
  76  7:34  Drone, Hydralisk Den  
  76  7:36  Evolution Chamber  
  75  7:37  Drone x3, Extractor  
  75  7:39  Evolution Chamber, Drone  
  75  7:40  Drone  
Tags
 
Add a new tag
Caveats
  • Supply blocks, unpowered buildings, or Contaminate may cause inaccurate times.
  • Supply counts are checked every 10 seconds.